 Dungeon Crawl Stone Soup version 0.29-a0-857-g9b1aa3ac5b (webtiles) character file.

Game seed: 13987126313626626688

128 MisterAzrael the Chiller (level 4, 0/24 HPs)
             Began as a Deep Elf Ice Elementalist on July 16, 2022.
             Killed by nerve-wracking pain
             ... invoked by Grinder
              (11 damage)
             ... on level 4 of the Dungeon.
             The game lasted 00:04:32 (3008 turns).

MisterAzrael the Chiller (DEIE)                     Turns: 3008, Time: 00:04:33

Health: 0/24       AC:  2    Str:  5    XL:     4   Next: 87%
Magic:  9/12       EV: 13    Int: 22    God:
Gold:   299        SH:  0    Dex: 15    Spells: 4/11 levels left

rFire   . . .      SeeInvis .   g - +2 spear (vorpal)
rCold   . . .      Faith    .   (no shield)
rNeg    . . .      Spirit   .   a - +0 robe
rPois   .          Reflect  .   (no helmet)
rElec   .          Harm     .   (no cloak)
rCorr   .          Rampage  .   (no gloves)
Will    .....                   (no boots)
Stlth   ++........              (no amulet)
HPRegen 0.08/turn               (no ring)
MPRegen 0.13/turn               (no ring)

@: freezing walls
A: no striking features
a: no special abilities


You were on level 4 of the Dungeon.
You visited 1 branch of the dungeon, and saw 4 of its levels.

You collected 299 gold pieces.

Inventory:

Hand Weapons
 c - a +0 spear
 g - a +2 vorpal spear (weapon)
 q - a +2 hand axe of electrocution
Missiles
 o - 4 datura-tipped darts
Armour
 a - a +0 robe (worn)
Scrolls
 d - 2 scrolls of identify {unknown}
 f - 2 scrolls of vulnerability {unknown}
 h - a scroll of noise {unknown}
 i - 2 scrolls of blinking {unknown}
 j - a scroll of teleportation {unknown}
 k - a scroll of immolation {unknown}
 m - 3 scrolls of enchant weapon {unknown}
 p - a scroll of magic mapping {unknown}
Potions
 b - a potion of magic
 e - a potion of haste {unknown}
 l - a potion of lignification {unknown}
 n - a potion of degeneration {unknown}


   Skills:
 + Level 0.9 Polearms
 - Level 3.2 Dodging
 - Level 3.3 Stealth
 + Level 4.3 Spellcasting
 * Level 5.3 Ice Magic


You had 4 spell levels left.
You knew the following spells:

 Your Spells              Type           Power      Damage    Failure   Level
a - Freeze                Ice            100%       1d11      1%          1
b - Frozen Ramparts       Ice            56%        1d7       3%          3
c - Tukima's Dance        Hex            4%         N/A       32%         3

Your spell library contained the following spells:

 Spells                   Type           Power      Damage    Failure   Level
 Ozocubu's Armour         Ice            28%        N/A       3%          3
 Sublimation of Blood     Necr           4%         N/A       16%         2
 Wereblood                Tmut           4%         N/A       16%         2
 Portal Projectile        Hex/Tloc       8%         N/A       32%         3
 Hailstorm                Conj/Ice       16%        3d6       34%         4
 Metabolic Englaciation   Hex/Ice        8%         N/A       69%         5
 Blade Hands              Tmut           2%         N/A       96%         5
 Simulacrum               Ice/Necr       8%         N/A       99%         6
 Summon Hydra             Summ           2%         N/A       100%        7


Dungeon Overview and Level Annotations

Branches:
Dungeon (4/15)
 Temple: D:4-7

Altars:
Cheibriados

Shops:
D:2 !

Annotations:
D:4 Grinder


Message History

Casting: Frozen Ramparts (quite dangerous; 3% risk of failure)
Confirm with . or Enter, or press ? or * to list all spells.
The spell is quite dangerous to miscast (3% risk of failure)!
Continue anyway?
Casting: Frozen Ramparts (quite dangerous; 3% risk of failure)
Press: ? - help, Dir - look around, f - activate The walls around you are covered in ice.
The wall freezes the endoplasm.
The endoplasm closely misses you.
Grinder completely resists.
The wall freezes Grinder but does no damage.
The wall freezes the endoplasm.
You kill the endoplasm!
Grinder resists.
The wall freezes Grinder.
Grinder resists.
The wall freezes Grinder.
Grinder hits you.
You writhe in agony.
Grinder resists.
The wall freezes Grinder.
Grinder hits you but does no damage.
Grinder completely resists.
The wall freezes Grinder but does no damage.
Grinder hits you.
You writhe in agony.
Grinder resists.
The wall freezes Grinder.
Grinder gestures at you. You resist with significant effort.
You hit Grinder.
Grinder is lightly wounded.
A hobgoblin comes into view.
Grinder completely resists.
The wall freezes Grinder but does no damage.
Grinder completely misses you.
Casting: Frozen Ramparts (quite dangerous; 3% risk of failure)
Confirm with . or Enter, or press ? or * to list all spells.
Aiming: Freeze (safe; 1% risk of failure)
Press: ? - help, Shift-Dir - straight line, f - Grinder
Aim: Grinder (lightly wounded)
You freeze Grinder.
Grinder resists.
Grinder is moderately wounded.
The hobgoblin shouts!
Grinder completely resists.
The wall freezes Grinder but does no damage.
Grinder gestures at you. Pain shoots through your body!
You die...

#.####.####..######
#.# #.####..# #.#
#.....<.# #.#
#######.# #.# #.#
#)# #.######... #.#
#.'.J......
##)######
#5###......
#.......# ##@#
..... #...#.#.#
##..# J...
###.......###...#
...
#............'...#
..
#..........###...#
# #..........#
##..# ####...#.#.#
#..# #.......# ##g#
#...#.#######..


You could see Grinder and a hobgoblin.

Vanquished Creatures
  An orc priest (D:4)
  A gnoll (D:1)
  2 adders
  2 worms
  A dart slug (D:1)
  8 orcs
  6 bats
  2 endoplasms
  5 giant cockroaches
  5 hobgoblins
  2 quokkas (D:1)
  6 ball pythons
  3 frilled lizards
  2 goblins
  7 kobolds
  3 rats
56 creatures vanquished.

Notes
Turn   | Place    | Note
-------+----------+-------------------------------------------
     0 | D:1      | MisterAzrael the Deep Elf Ice Elementalist began the quest
                  | for the Orb.
     0 | D:1      | Reached XP level 1. HP: 10/10 MP: 6/6
   140 | D:1      | Reached XP level 2. HP: 15/15 MP: 4/8
   878 | D:1      | Reached XP level 3. HP: 19/19 MP: 10/10
   882 | D:1      | Learned a level 3 spell: Frozen Ramparts
  1499 | D:2      | Found Kiuwat's Distillery.
  2171 | D:3      | Reached XP level 4. HP: 23/24 MP: 12/12
  2355 | D:3      | Learned a level 3 spell: Tukima's Dance
  2468 | D:3      | Reached skill level 5 in Ice Magic
  2471 | D:3      | Found a snail-covered altar of Cheibriados.
  2993 | D:4      | Noticed Grinder
  3008 | D:4      | Killed from afar by Grinder

Illustrated notes

Levels and vault maps discovered:
D:1:      tarquinn_simple_flora_water_a, layout_loops_cross, minmay_tromino_i2
D:2:      layout_basic, serial_shops, nicolae_shop_hallway_stairs
D:3:      layout_rooms, amcnicky_altar_gilded, chequers_mini_garden,
          grunt_decor_resistance, dreamdust_wishing_well, minmay_unequal
D:4:      layout_loops_corners, minmay_pentangle, uniq_grinder

Skill      XL: |  1  2  3  4 |
---------------+-------------+-----
Stealth        | 3 |  3.3
Dodging        | 3 |  3.2
Spellcasting   | 4 |  4.3
Ice Magic      | 5 |  5.3
Polearms       | |  0.9

Action                   |  1- 3 |  4- 6 || total
-------------------------+-------+-------++-------
Melee: Spear             |   102 |    19 ||   121
 Cast: Freeze            |    15 |     5 ||    20
       Frozen Ramparts   |       |     3 ||     3
 Stab: Sleeping          |     9 |       ||     9
Armor: Robe              |    18 |     8 ||    26
Dodge: Dodged            |    57 |    20 ||    77

Table legend: (Time is in decaauts)
 A = Elapsed time spent in this place.
 B = Non-inter-level travel time spent in this place.
 C = Inter-level travel time spent in this place.
 D = Time resting spent in this place.
 E = Time spent auto-exploring this place.
 F = Levels seen in this place.
 G = Mean time per level.
                   A        B        C        D        E       F      G
               +--------+--------+--------+--------+--------+-----+--------+
         Total |   3017 |   2951 |     66 |    383 |   2141 |   4 |  754.2 |
       Dungeon |   3017 |   2951 |     66 |    383 |   2141 |   4 |  754.2 |
               +--------+--------+--------+--------+--------+-----+--------+

Top non-repeatable levels by time:
     D:1: 1363 daAuts
     D:2: 720 daAuts
     D:3: 716 daAuts
     D:4: 216 daAuts
